 Dungeon Sprint DCSS version 0.22-a0-617-g6d95e9e (webtiles) character file.

182 Kidiri the Covert (level 5, -2/27 HPs)
             Began as a Spriggan Enchanter on July 13, 2018.
             Slain by a necrophage (8 damage)
             ... in the Dungeon (Sprint II: "The Violet Keep of Menkaure").
             The game lasted 00:02:27 (149 turns).

Kidiri the Covert (Spriggan Enchanter)               Turns: 149, Time: 00:02:28

Health: -2/27      AC:  2    Str:  4    XL:     5   Next: 35%
Magic:  4/14       EV: 23    Int: 16    God:
Gold:   243        SH:  0    Dex: 18    Spells: 13/16 levels left

rFire    . . .     SeeInvis +   a - +1 dagger
rCold    . . .     Gourm    .   (shield restricted)
rNeg     . . .     Faith    .   b - +0 robe
rPois    .         Spirit   .   (helmet restricted)
rElec    .         Reflect  .   (no cloak)
rCorr    .         Harm     .   (gloves unavailable)
MR       .....     NoTele   +   (boots unavailable)
Stlth    ++++......             (no amulet)
HPRegen  0.00/turn              (no ring)
MPRegen  0.14/turn              (no ring)

@: non-regenerating, mildly diseased, very quick
A: very small, unfitting armour, see invisible, herbivore, speed 3, slow
metabolism 2
a: no special abilities


You were in the Dungeon.
You were not hungry.

You visited 1 branch You collected 243 gold pieces.

Inventory:

Hand Weapons
 a - a +1 dagger (weapon)
Armour
 b - a +0 robe (worn)
Scrolls
 j - a scroll of blinking
Potions
 g - a potion of haste
 h - 2 potions of magic
Comestibles
 d - a ration


   Skills:
 + Level 2.3 Fighting
 * Level 4.9 Short Blades
 + Level 2.2 Armour
 * Level 7.2 Dodging
 * Level 8.2 Stealth
 * Level 6.0 Spellcasting
 + Level 5.2 Hexes
 + Level 2.0 Ice Magic


You had 13 spell levels left.
You knew the following spells:

 Your Spells              Type           Power        Failure   Level  Hunger
a - Corona                Hex            ###....      1%          1    None
b - Ensorcelled Hibernat  Hex/Ice        ###...       4%          2    #......

Your spell library contained the following spells:

 Spells                   Type           Power        Failure   Level  Hunger
 Confuse                  Hex            ###.....     4%          3    ##.....
 Tukima's Dance           Hex            ###.....     4%          3    ##.....
 Dazzling Spray           Conj/Hex       ##....       14%         3    ##.....


Dungeon Overview and Level Annotations

Branches:
Dungeon (1/1)

Altars:


Innate Abilities, Weirdness & Mutations

You are very small and have problems with some larger weapons.
You are too small for most types of armour.
You have supernaturally acute eyesight. (SInv)
You are a herbivore.
You cover ground extremely quickly.
You need to consume almost no food.


Message History

Confirm with . or Enter, or press ? or * to list all spells.
Aiming: Corona (safe; 1% risk of failure)
Press: ? - help, Shift-Dir - straight line, f/p - necrophage
Aim: a necrophage (moderately damaged, chance to defeat MR: 42%)
The necrophage is outlined in light.
You barely miss the necrophage.
The necrophage is moderately damaged.
The necrophage completely misses you.
You hit the necrophage but do no damage.
The necrophage is moderately damaged.
The necrophage closely misses you.
You hit the necrophage but do no damage.
The necrophage is lightly damaged.
The necrophage barely misses you.
You barely miss the necrophage.
The necrophage is lightly damaged.
You closely miss the necrophage.
The necrophage is lightly damaged.
The necrophage hits you!
You die...

## #3 ###
##. #
#.###+# .#
###.##.##.#
+.##'†<.+#
#.@n##†##H#
##.###†# .#
### .#. #
.. .. ##.
.## ## ##


You could see a necrophage.

Vanquished Creatures
  2 necrophages (D)
  3 worms (D)
5 creatures vanquished.

Vanquished Creatures (others)
  Menkaure (D)
  A crocodile (D)
2 creatures vanquished.

Grand Total: 7 creatures vanquished

Notes
Turn   | Place    | Note
-------+----------+-------------------------------------------
     0 | D        | Kidiri the Spriggan Enchanter began the quest for the Orb.
     0 | D        | Reached XP level 1. HP: 9/9 MP: 5/5
     1 | D        | Noticed a neqoxec
    16 | D        | Reached skill level 5 in Stealth
    20 | D        | Reached XP level 2. HP: 14/14 MP: 7/7
    28 | D        | Learned a level 2 spell: Ensorcelled Hibernation
    68 | D        | Killed a crocodile
    77 | D        | Noticed a hippogriff
    77 | D        | Noticed a hippogriff
    80 | D        | Noticed a necrophage
    80 | D        | Noticed a necrophage
    80 | D        | Noticed a necrophage
    80 | D        | Noticed a necrophage
   100 | D        | Killed a necrophage
   100 | D        | Reached skill level 1 in Fighting
   100 | D        | Reached skill level 1 in Armour
   100 | D        | Reached skill level 5 in Dodging
   100 | D        | Reached skill level 7 in Stealth
   100 | D        | Reached skill level 5 in Spellcasting
   100 | D        | Reached skill level 1 in Ice Magic
   100 | D        | Reached XP level 3. HP: 7/18 MP: 5/10
   100 | D        | Reached XP level 4. HP: 10/23 MP: 6/12
   125 | D        | Killed Menkaure
   128 | D        | Killed a necrophage
   128 | D        | Reached skill level 8 in Stealth
   128 | D        | Reached skill level 5 in Hexes
   128 | D        | Reached XP level 5. HP: 11/27 MP: 4/14
   149 | D        | Slain by a necrophage

Vault maps used:
D:        the_violet_keep_of_menkaure

Skill      XL: |  1  2  3  4 |
---------------+-------------+-----
Spellcasting   | 3 5 6 |  6.0
Short Blades   | 2 3 4 |  4.9
Stealth        | 5 7 8 |  8.2
Hexes          | 4 5 |  5.2
Fighting       | 1 2 |  2.3
Armour         | 1 2 |  2.2
Dodging        | 5 7 |  7.2
Ice Magic      | 1 2 |  2.0

Action                   |  1- 3 |  4- 6 || total
-------------------------+-------+-------++-------
Melee: Dagger            |    27 |    34 ||    61
 Cast: Corona            |     3 |     8 ||    11
  Use: Potion            |     2 |     1 ||     3
Armor: Robe              |       |     4 ||     4
Dodge: Dodged            |    14 |    24 ||    38

Table legend:
 A = Spawn XP
 B = Non-spawn XP
 C = Spawn XP percentage of total XP
 D = Spawn monster count
 E = Non-spawn monster count
 F = Spawn count percentage of total count
 G = Total turns spent on level
                    A         B        C        D         E        F      G
               +---------+---------+-------+---------+---------+-------+---------
         Total |       0 |     261 |   0.0 |       0 |       5 |   0.0 |   149
               +---------+---------+-------+---------+---------+-------+---------
             D |       0 |     261 |   0.0 |       0 |       5 |   0.0 |   149
               +---------+---------+-------+---------+---------+-------+---------
